Map: 電子叢林 - 天梯版

Players

Harstem - Winner!

  • Race: Protoss Protoss
  • Spawn Location: 5:00

ButAlways

  • Race: Protoss Protoss
  • Spawn Location: 11:00

Event: 2019 WCS Summer

VOD

Have the link to the VOD?

Description

Time

  • Played on: July 12, 2019, 2:51 p.m.
  • Length: 11:54

All games in this series

Show
View Real Time Build Order
Export as new Build Order

Harstem Protoss - Winner!

Build Orders: Phoenix Opening 

Get SALT Encoding   

  12  0:00  Probe  
  13  0:13  Probe  
  14  0:18  Pylon  
  14  0:24  Probe  
  15  0:32  Probe  
  15  0:37  Gateway  
  15  0:40  Probe  
  16  0:46  Assimilator  
  17  0:51  Probe  
  17  0:56  Assimilator  
  18  0:59  Probe  
  19  1:07  Gateway  
  19  1:10  Probe  
  21  1:27  Cybernetics Core  
  20  1:34  Probe  
  21  1:43  Pylon  
  21  1:46  Probe  
  22  1:53  Pylon  
  22  1:58  Probe  
  23  2:04  Stalker  
  23  2:06  Sentry  
  27  2:10  Probe  
  28  2:21  Pylon, Warp Gate  
  28  2:32  Stalker  
  30  2:43  Robotics Facility  
  30  2:46  Phoenix  
  30  2:51  Stalker  
  30  2:55  Probe  
  33  3:07  Probe, Shield Battery  
  33  3:19  Probe  
  32  3:21  Nexus  
  32  3:25  Warp Prism  
  32  3:32  Probe  
  35  3:44  Robotics Bay  
  35  3:48  Probe  
  36  4:00  Probe  
  36  4:01  Pylon  
  37  4:09  Sentry  
  39  4:10  Shield Battery  
  39  4:19  Probe  
  39  4:22  Disruptor  
  40  4:24  Shield Battery  
  40  4:30  Adept  
  42  4:35  Adept  
  48  4:44  Probe  
  46  4:48  Probe  
  46  4:50  Disruptor  
  47  4:56  Probe  
  51  5:00  Probe  
  52  5:08  Probe  
  52  5:12  Probe  
  54  5:20  Probe  
  55  5:24  Probe, Twilight Council  
  55  5:26  Pylon  
  56  5:32  Probe  
  57  5:36  Probe, Zealot  
  57  5:37  Zealot  
  62  5:44  Probe  
  62  5:46  Pylon x2  
  62  5:48  Probe  
  64  5:50  Blink  
  64  5:57  Probe  
  64  5:59  Assimilator  
  64  6:02  Stalker  
  67  6:07  Probe  
  67  6:10  Disruptor, Pylon  
  72  6:22  Stalker  
  72  6:23  Shield Battery  
  72  6:37  Stalker  
  74  6:43  Probe x2  
  69  6:48  Gateway  
  69  6:51  Gateway  
  59  6:54  Disruptor  
  59  6:55  Stalker  
  59  6:59  Probe  
  59  7:00  Probe, Gateway  
  62  7:11  Probe  
  62  7:12  Probe  
  62  7:15  Stalker  
  64  7:20  Shield Battery  
  64  7:28  Stalker  
  55  7:44  Stalker x2  
  57  7:46  Probe  
  58  7:56  Stalker x2  
  62  8:05  Probe  
  63  8:06  Observer, Probe  
  63  8:11  Stalker  
  66  8:17  Probe  
  66  8:18  Probe  
  69  8:21  Stalker x2  
  73  8:29  Probe  
  73  8:30  Probe  
  73  8:32  Assimilator, Gravitic Drive  
  73  8:33  Pylon  
  75  8:41  Forge, Probe  
  76  8:52  Probe  
  76  8:53  Sentry, Probe  
  76  8:54  Zealot  
  82  8:57  Pylon  
  82  9:02  Stalker  
  84  9:20  Nexus  
  84  9:23  Probe  
  85  9:27  Photon Cannon  
  85  9:29  Probe  
  86  9:31  Protoss Ground Weapons Level 1  
  86  9:37  Probe, Dark Shrine  
  87  9:44  Colossus  
  90  9:46  Extended Thermal Lance  
  90  9:56  Resonating Glaives  
  93  10:01  Pylon  
  93  10:06  Probe  
  94  10:11  Pylon  
  94  10:19  Probe  
  95  10:21  Adept x2  
  95  10:25  Probe  
  100  10:34  Adept x3  
  106  10:39  Probe  
  107  10:48  Colossus  
  113  10:58  Probe  
  113  11:00  Photon Cannon, Shield Battery  
  113  11:12  Pylon  
  113  11:15  Dark Templar x2  
  117  11:18  Dark Templar x2  
  117  11:22  Archon  
  120  11:32  Pylon  
  120  11:33  Probe  
  120  11:35  Pylon x2  
  116  11:46  Adept  
  112  11:51  Adept x4  
Show
View Real Time Build Order
Export as new Build Order

ButAlways Protoss 

Build Orders:  

Get SALT Encoding   

  12  0:00  Probe  
  13  0:13  Probe  
  14  0:19  Pylon  
  14  0:25  Probe  
  15  0:34  Probe  
  15  0:37  Gateway  
  15  0:42  Probe  
  16  0:48  Assimilator  
  17  0:52  Probe  
  18  0:58  Assimilator  
  18  1:04  Probe  
  18  1:07  Pylon  
  19  1:18  Probe  
  20  1:21  Gateway  
  20  1:31  Probe  
  20  1:34  Cybernetics Core  
  20  1:39  Probe  
  21  1:44  Pylon  
  22  1:49  Probe  
  23  2:01  Probe  
  24  2:11  Adept x2  
  24  2:15  Robotics Facility  
  28  2:18  Warp Gate  
  28  2:31  Pylon  
  28  2:41  Sentry  
  29  2:53  Immortal, Nexus  
  33  3:20  Pylon  
  31  3:32  Warp Prism  
  31  3:38  Probe  
  34  3:50  Probe  
  34  3:54  Twilight Council  
  35  4:03  Probe  
  35  4:06  Adept x2  
  35  4:09  Probe  
  41  4:11  Immortal  
  41  4:15  Probe  
  42  4:24  Resonating Glaives  
  46  4:25  Probe  
  46  4:27  Probe  
  46  4:30  Sentry  
  48  4:37  Probe  
  49  4:51  Stalker  
  51  5:00  Pylon  
  51  5:02  Pylon  
  51  5:04  Observer  
  52  5:07  Adept  
  54  5:18  Probe x2  
  56  5:22  Gateway  
  56  5:23  Adept  
  58  5:28  Gateway  
  58  5:31  Probe x2, Gateway  
  58  5:33  Sentry  
  62  5:46  Pylon  
  62  5:49  Gateway  
  62  5:51  Pylon  
  62  5:53  Adept  
  58  6:05  Adept  
  58  6:06  Probe x2  
  62  6:18  Probe  
  63  6:21  Adept  
  63  6:23  Adept  
  53  6:43  Adept x3  
  53  6:45  Adept  
  53  6:46  Adept  
  45  7:02  Adept x2  
  45  7:16  Adept x5  
  49  7:33  Probe x2  
  51  7:39  Adept x4  
  51  7:46  Adept x5  
  49  7:56  Stargate  
  47  8:00  Probe x2  
  49  8:11  Adept x2  
  49  8:12  Probe  
  54  8:33  Phoenix  
  54  8:34  Stalker x4, Probe  
  55  8:36  Probe  
  64  8:46  Probe  
  64  8:48  Observer  
  63  8:49  Probe  
  63  8:53  Phoenix  
  65  8:58  Probe  
  65  8:59  Pylon  
  65  9:01  Probe  
  69  9:04  Assimilator  
  69  9:06  Assimilator  
  69  9:10  Probe, Zealot x2  
  69  9:14  Immortal  
  73  9:17  Pylon  
  77  9:27  Phoenix  
  79  9:52  Phoenix  
  81  10:01  Adept x5  
  81  10:05  Pylon  
  91  10:09  Observer, Pylon  
  91  10:15  Phoenix  
  91  10:19  Dark Shrine  
  93  10:31  Adept  
  93  10:32  Adept x2  
  99  10:36  Observer  
  100  10:44  Pylon  
  98  10:55  Adept x4  
  106  10:59  Phoenix  
  108  11:14  Adept  
  108  11:15  Adept x2  
  114  11:31  Adept x2  
  105  11:45  Dark Templar x2  
Tags
 
Add a new tag
Caveats
  • Supply blocks, unpowered buildings, or Contaminate may cause inaccurate times.
  • Supply counts are checked every 10 seconds.